 Dungeon Crawl Stone Soup version 0.30-a0-840-ga523dec638 (webtiles) character file.

Game seed: 5689121990231166106

133476 jasper the Brawler (level 16, -7/208 HPs)
             Began as a Demonspawn Cinder Acolyte on Feb 28, 2023.
             Was a High Priest of Okawaru.
             Mangled by a salamander tyrant (21 damage)
             ... on level 3 of the Snake Pit on Mar 1, 2023.
             The game lasted 01:08:20 (28409 turns).

jasper the Brawler (Demonspawn Cinder Acolyte)     Turns: 28409, Time: 01:08:20

Health: -7/208     AC: 28    Str: 19    XL:     16   Next: 59%
Magic:  0/19       EV:  2    Int: 16    God:    Okawaru [*****.]
Gold:   1926       SH: 19    Dex: 14    Spells: 17/17 levels left

rFire   . . .      SeeInvis .      - Unarmed
rCold   . . .      Faith    .    q - +1 tower shield {reflect}
rNeg    . . .      Spirit   +    (body armour currently unavailable)
rPois   +          Reflect  +    (helmet currently unavailable)
rElec   .          Harm     .    (cloak currently unavailable)
rCorr   +          Rampage  .    (gloves unavailable)
Will    ++...      NoTele   +    (boots unavailable)
Stlth   +++                      o - amulet of regeneration
HPRegen 1.34/turn                T - ring of willpower
MPRegen 0.32/turn                y - ring of resist corrosion

@: tree-form, heroic, finesse-ful, weakened
A: stationary, stasis, torment immunity, boosted hp, (claws 3), (hooves 3),
(horns 2), ignite blood 3, magic shield, magic regeneration, agile 1, no potion
heal 1, subdued magic 1
a: Renounce Religion, Heroism, Finesse, Duel


You were on level 3 of the Snake Pit.
You worshipped Okawaru.
Okawaru was extremely pleased with you.
You were a tree.
You visited 5 branches of the dungeon, and saw 26 of its levels.
You also visited: Gauntlet.

You collected 2654 gold pieces.
You spent 728 gold pieces at shops.

Inventory:

Missiles
 d - 258 stones
 i - 42 poisoned darts
 m - 11 boomerangs (quivered)
 p - 9 curare-tipped darts
 F - 6 silver javelins
 M - 2 throwing nets
 N - 5 atropa-tipped darts
 X - 6 silver boomerangs
 Z - 3 boomerangs of dispersal
Armour
 q - a +1 tower shield of reflection (worn)
 v - the +1 chain mail of a Million People (melded) {rPois rN+ Stlth-}
   (You found it on level 3 of the Lair of Beasts)

   rPois:     It protects you from poison.
   rN:        It protects you from negative energy.
   Stlth:     It makes you less stealthy.
 w - a +0 buckler
Jewellery
 f - the ring of Lilacs {rPois rF+ rC- Str+2 Int+4}
   (You found it in a Gauntlet)

   [ring of protection from fire]

   Str:       It affects your strength (+2).
   Int:       It affects your intelligence (+4).
   rF:        It protects you from fire.
   rC:        It makes you vulnerable to cold.
   rPois:     It protects you from poison.
 g - an amulet of reflection
 o - an amulet of regeneration (around neck)
 u - a +4 ring of protection
 y - a ring of resist corrosion (right branch)
 B - a ring of ice
 P - a +4 ring of slaying
 T - a ring of willpower (left branch)
Wands
 a - a wand of digging (10)
 b - a wand of polymorph (5)
 l - a wand of light (7)
 I - a wand of roots (14)
 K - a wand of flame (21)
 Y - a wand of paralysis (22)
Scrolls
 h - 5 scrolls of immolation
 j - 4 scrolls of enchant armour
 k - 2 scrolls of fear
 n - a scroll of silence
 s - 3 scrolls of noise
 t - 6 scrolls of fog
 D - 14 scrolls of teleportation
 G - 5 scrolls of vulnerability
 H - a scroll of magic mapping
 J - a scroll of blinking
 O - 3 scrolls of enchant weapon
 S - 8 scrolls of identify
 U - 3 scrolls of poison
Potions
 c - 2 potions of ambrosia
 e - 4 potions of might
 r - 2 potions of magic
 x - 2 potions of haste
 z - 8 potions of lignification
 A - 7 potions of brilliance
 C - 5 potions of mutation
 L - 2 potions of curing
 Q - 3 potions of flight
 W - 2 potions of cancellation
Miscellaneous
 E - a tin of tremorstones (1/2)
 R - a condenser vane (inert)


   Skills:
 - Level 16.3(21.3) Fighting
 - Level 2.6(7.6) Polearms
 - Level 10.0(15.0) Throwing
 - Level 12.4(17.4) Armour
 + Level 9.6(14.6) Shields
 - Level 17.1(22.1) Unarmed Combat
 - Level 1.0 Spellcasting
 - Level 2.6 Fire Magic
 - Level 4.6 Invocations


You had 17 spell levels left.
You didn't know any spells.
Your spell library contained the following spells:

 Spells                   Type           Power      Damage    Failure   Level
 Scorch                   Fire           14%        2d5       36%         2
 Magic Dart               Conj           0%         1d3       61%         1
 Ensorcelled Hibernation  Hex/Ice        0%         N/A       75%         2
 Lesser Beckoning         Tloc           0%         N/A       75%         2
 Passwall                 Tmut/Erth      0%         N/A       75%         2
 Inner Flame              Hex/Fire       3%         N/A       80%         3
 Dazzling Flash           Conj/Hex       0%         N/A       93%         3
 Frozen Ramparts          Ice            0%         1d1       93%         3
 Gell's Gravitas          Tloc           0%         N/A       93%         3
 Mephitic Cloud           Conj/Pois/Air  0%         N/A       93%         3
 Swiftness                Air            0%         N/A       93%         3
 Teleport Other           Tloc           0%         N/A       93%         3
 Flame Wave               Conj/Fire      3%         2d5       99%         4
 Sticky Flame             Conj/Fire      3%         2d3       99%         4
 Airstrike                Air            0%         2d(0-16)  100%        4
 Ice Form                 Ice/Tmut       0%         N/A       100%        4
 Iskenderun's Mystic Bla  Conj/Tloc      0%         2d3       100%        4
 Passage of Golubria      Tloc           0%         N/A       100%        4
 Blade Hands              Tmut           0%         N/A       100%        5
 Lightning Bolt           Conj/Air       0%         1d11      100%        5
 Yara's Violent Unravell  Hex/Tmut       0%         3d3       100%        5
 Iron Shot                Conj/Erth      0%         9d1       100%        6
 Starburst                Conj/Fire      1%         6d3       100%        6
 Orb of Destruction       Conj           0%         9d5       100%        7
 Call Imp                 Summ           Unusable   N/A       N/A         2
 Summon Guardian Golem    Hex/Summ       Unusable   N/A       N/A         3
 Tukima's Dance           Hex            Unusable   N/A       N/A         3
 Animate Armour           Summ/Erth      Unusable   N/A       N/A         4
 Summon Ice Beast         Ice/Summ       Unusable   N/A       N/A         4
 Summon Lightning Spire   Summ/Air       Unusable   N/A       N/A         4
 Summon Forest            Summ/Tloc      Unusable   N/A       N/A         5
 Summon Mana Viper        Hex/Summ       Unusable   N/A       N/A         5
 Summon Cactus Giant      Summ           Unusable   N/A       N/A         6
 Spellforged Servitor     Conj/Summ      Unusable   N/A       N/A         7

Dungeon Overview and Level Annotations

Branches:
Dungeon (15/15)            Temple (1/1) D:4            Lair (5/5) D:8
  Swamp (0/4) Lair:2        Snake (3/4) Lair:3        Slime (0/5) Lair:4
    Orc (2/2) D:10            Elf (0/3) Orc:2        Vaults (0/5) D:14
 Depths (0/4) D:15        Gauntlet (visited)

Altars:
Ashenzari
Cheibriados
Dithmenos
Gozag
Kikubaaqudgha
Makhleb
Okawaru
Sif Muna
Trog
Uskayaw
Vehumet
Wu Jian
Xom

Shops:
D:4 **   D:7 ?   D:14 *   Orc:1 !   Orc:2 (=!*

Portals:
Pandemonium: Orc:2
Trove: D:13 (give +4 fire dragon scales)

Annotations:
D:14 3 runed translucent doors, exclusion: obsidian statue, Qesae's ghost, journeyman FeSu
D:15 2 transporters
Lair:5 Rupert
Orc:2 exclusion: door


Innate Abilities, Weirdness & Mutations

You are a tree.
Your roots penetrate the ground, keeping you stationary.
You cannot be teleported.
You are immune to unholy pain and torment.
Your maximum health is greatly increased.
Your equipment is partially melded.
((You have claws for hands.))
((You have hooves in place of feet.))
((You have a pair of horns on your head.))
Your demonic aura causes all spilled blood to erupt in flames.
When hurt, damage is shared between your health and your magic reserves.
You regenerate magic rapidly.
You are agile. (Dex +4, Str/Int -1)
Potions are less effective at restoring your health.
Your spells are a little easier to cast, but a little less powerful.


Message History

You feel as though you will be weak longer.
The naga sharpshooter shouts!
You regained 7 hp, and now have 16/208 hp.
Your system partially rejects the healing.
You feel better.
The naga sharpshooter unwields a +0 glaive.
The naga sharpshooter wields a +0 shortbow.
The naga sharpshooter gestures wildly while chanting.
The naga sharpshooter magically shoots an arrow.
You reflect the arrow off your +1 tower shield of reflection!
You regained 4 hp, and now have 20/208 hp.
Throw: 11 boomerangs
Press: ? - help, Q - select action, (/) - cycle Shift-Dir - straight line, f/p - salamander
Aim: a salamander, wielding a +0 trident (flame, 79% to hit)
You throw a boomerang. The boomerang hits the mana viper!
The mana viper is severely wounded.
The mana viper is engulfed in blazing flames.
You smack the salamander tyrant!
The salamander tyrant is lightly wounded.
You gain the combat prowess of a mighty hero.
The mana viper is engulfed in blazing flames.
The salamander tyrant gazes fiercely through you!
You feel as though you will be weak longer.
You block the salamander tyrant's attack.
The black mamba is engulfed in blazing flames.
You block the salamander's attack.
The naga sharpshooter mumbles some strange words.
The naga sharpshooter magically shoots an arrow.
You reflect the arrow off your +1 tower shield of reflection!
The mana viper is engulfed in blazing flames.
You kill the mana viper!
Okawaru accepts your kill.
You regained 2 hp, and now have 23/208 hp.
You now have 0/19 mp.
You smack the salamander tyrant!
The salamander tyrant is moderately wounded.
The salamander tyrant hits you!
* * * LOW HITPOINT WARNING * * *
You are engulfed in flames!!
You die...

. ..
...########
...N..SNN♣#
.......N###
....)....# .+
.........# ##.#
.......N###...#
.......N.......
...............
...............
.......†.......


You could see a naga sharpshooter, a salamander tyrant, 2 salamanders and a
black mamba.

Vanquished Creatures
  Vashnia (Snake:2)
  Agnes (Snake:2)
  A nagaraja (Snake:2)
  Nessos (D:12)
  A minotaur (Gauntlet)
  An ettin (Orc:2)
  Snorg (D:13)
  Josephine (D:13)
  5 vault guards (D:14)
  4 hydras
  A death knight (D:15)
  2 demonspawn (Orc:2)
  2 ogre magi (D:14)
  2 centaur warriors
  2 anacondas
  7 boulder beetles
  A tengu warrior (D:14)
  5 two-headed ogres
  6 naga warriors
  7 naga sharpshooters
  2 death scarabs (Gauntlet)
  8 death yaks
  A titan zombie (D:15)
  A vampire mage (D:15)
  7 orc high priests
  5 shock serpents
  A sun demon (Orc:2)
  3 skysharks
  A spectral catoblepas (Gauntlet)
  5 skeletal warriors
  Lodul (D:13)
  3 naga ritualists
  The ghost of bande the Cleaver, a novice GrFi of Okawaru (D:7)
  2 spectral hydras (Gauntlet)
  Pikel (D:5)
  10 slime creatures
  2 wizards (Gauntlet)
  7 orc knights
  A necromancer (D:15)
  7 mana vipers
  11 ugly things
  2 deep elf pyromancers (D:13)
  A sphinx skeleton (D:15)
  4 cyclopes
  8 orc sorcerers
  2 manticores (D:14)
  A stone giant skeleton (D:15)
  5 salamanders
  9 elephants
  2 guardian serpents
  A naga mage (Snake:2)
  26 black mambas
  13 cane toads
  2 minotaur zombies (Gauntlet)
  A kobold demonologist (D:8)
  4 rime drakes
  An unseen horror (D:11)
  3 gargoyles
  A spriggan zombie (D:15)
  An efreet (D:14)
  12 komodo dragons
  A guardian mummy (D:15)
  3 tengu conjurers
  A yaktaur (D:14)
  A hellwing (Orc:2)
  A polar bear (Lair:2)
  A meliai (shapeshifter) (D:14)
  2 trolls
  2 hornets
  22 blink frogs
  Prince Ribbit (D:8)
  A culicivora (shapeshifter) (D:13)
  5 wyverns
  40 yaks
  3 ynoxinuls (Orc:2)
  A shadow (D:13)
  8 wraiths
  A human (D:14)
  3 basilisks
  A steam dragon (D:10)
  17 fire elementals
  9 vampire mosquitoes
  3 wargs
  Edmund (D:6)
  16 nagas
  14 water moccasins
  An acid dragon (D:11)
  5 black bears
  An ice beast (D:6)
  37 orc warriors
  2 sky beasts
  19 ogres
  6 centaurs
  3 wolves (Lair:1)
  A phantom (D:6)
  3 lemures
  14 bullfrogs
  7 kobold brigands
  2 gnoll sergeants
  A scorpion (D:6)
  A necrophage (D:5)
  18 wights
  12 killer bees
  5 howler monkeys
  2 lava snakes (Lair:3)
  4 hounds
  A gnoll bouda (D:6)
  22 orc priests
  A jelly (D:7)
  6 iguanas
  Natasha (twice) (D:3)
  23 orc wizards
  11 gnolls
  3 adders
  3 shadow imps
  4 white imps
  An ufetubus (D:5)
  2 worms
  4 dart slugs
  77 orcs
  8 bats
  2 endoplasms
  5 giant cockroaches
  4 goblins
  9 hobgoblins
  4 jackals (D:2)
  43 kobolds
  5 quokkas
  9 ball pythons
  2 frilled lizards (D:2)
  11 kobold skeletons (D:8)
  7 kobold zombies (D:8)
  7 rats
809 creatures vanquished.

Vanquished Creatures (others)
  A centaur simulacrum (D:14)
  An orc wizard (Orc:2)
  A kobold (D:7)
  16 foxfires (Lair:2)
  59 fungi
  84 plants
  A withered plant (D:15)
163 creatures vanquished.

Grand Total: 972 creatures vanquished

Notes
Turn   | Place    | Note
-------+----------+-------------------------------------------
     0 | D:1      | jasper the Demonspawn Cinder Acolyte began the quest for
                  | the Orb.
     0 | D:1      | Reached XP level 1. HP: 18/18 MP: 2/2
    82 | D:1      | Gained mutation: You regenerate magic rapidly. [demonic
                  | ancestry]
    82 | D:1      | Reached XP level 2. HP: 22/24 MP: 3/3
   438 | D:1      | Found a faded altar of an unknown god.
   812 | D:2      | Discovered your monstrous ancestry.
   812 | D:2      | Gained mutation: You have large cloven feet. [demonic
                  | ancestry]
   812 | D:2      | Reached XP level 3. HP: 18/30 MP: 4/4
   898 | D:2      | Identified the +1 ring mail "Awkudol" {Harm rElec MP+9
                  | Str-5}
   967 | D:2      | Reached skill level 1 in Armour
  1182 | D:2      | Identified a scroll of acquirement
  1182 | D:2      | Acquired the +9 quarterstaff of the Shining Light {elec,
                  | rF++}
  1532 | D:3      | Gained mutation: Your demonic aura sometimes causes spilled
                  | blood to erupt in flames. [demonic ancestry]
  1532 | D:3      | Reached XP level 4. HP: 38/38 MP: 5/5
  1661 | D:3      | Noticed Natasha
  1667 | D:3      | Killed Natasha
  1668 | D:3      | Reached skill level 1 in Unarmed Combat
  2150 | D:3      | Noticed Natasha
  2155 | D:3      | Killed Natasha
  2326 | D:4      | Reached skill level 2 in Unarmed Combat
  2326 | D:4      | Gained mutation: You have sharp fingernails. [demonic
                  | ancestry]
  2326 | D:4      | Reached XP level 5. HP: 43/43 MP: 6/6
  2556 | D:4      | Found a staircase to the Ecumenical Temple.
  2738 | D:4      | Found Epaum's Specific Store.
  2742 | D:4      | Found Sanehulu's General Store.
  2746 | D:4      | Bought a potion of berserk rage for 70 gold pieces
  2819 | D:4      | Reached skill level 5 in Fighting
  2819 | D:4      | Gained mutation: You have hoof-like feet. [demonic
                  | ancestry]
  2819 | D:4      | Reached XP level 6. HP: 51/51 MP: 7/7
  2822 | D:4      | Identified the +1 pair of boots "Qaotod" {rPois rF+ rC-
                  | rN+}
  3331 | D:5      | Entered Level 5 of the Dungeon
  3334 | D:5      | Reached skill level 3 in Unarmed Combat
  3569 | D:4      | Reached skill level 4 in Unarmed Combat
  3569 | D:4      | Reached XP level 7. HP: 23/56 MP: 8/8
  3732 | D:5      | Noticed Pikel
  3739 | D:5      | Killed Pikel
  3740 | D:5      | Reached skill level 5 in Unarmed Combat
  3764 | D:5      | Gained mutation: Your demonic aura often causes spilled
                  | blood to erupt in flames. [demonic ancestry]
  3764 | D:5      | Reached XP level 8. HP: 43/64 MP: 9/9
  3852 | D:5      | Acquired a manual of Fighting
  4075 | D:5      | Reached skill level 6 in Unarmed Combat
  4574 | D:6      | Reached skill level 5 in Armour
  4574 | D:6      | Reached skill level 7 in Unarmed Combat
  4585 | D:6      | Gained mutation: Your demonic aura causes all spilled blood
                  | to erupt in flames. [demonic ancestry]
  4585 | D:6      | Reached XP level 9. HP: 46/74 MP: 10/10
  4837 | D:6      | Noticed Edmund
  4860 | D:6      | Killed Edmund
  5343 | D:6      | Found a shadowy altar of Dithmenos.
  5401 | D:7      | Reached skill level 8 in Unarmed Combat
  5556 | D:7      | Noticed bande's ghost (novice GrFi)
  5591 | D:7      | Found a runed translucent gate.
  5596 | D:7      | Found a runed translucent gate.
  5596 | D:7      | Found a runed translucent gate.
  5646 | D:7      | Found a bloodstained altar of Trog.
  6076 | D:7      | Found an ornate altar of the Wu Jian Council.
  6486 | D:7      | Found Bitseufu's Magic Scroll Boutique.
  6489 | D:7      | Bought a scroll of immolation for 52 gold pieces
  6573 | D:7      | Found an opulent altar of Gozag.
  6709 | D:8      | Reached skill level 9 in Unarmed Combat
  6825 | D:8      | Gained mutation: You have very sharp fingernails. [demonic
                  | ancestry]
  6825 | D:8      | Reached XP level 10. HP: 85/85 MP: 11/11
  6831 | D:8      | Reached skill level 10 in Fighting
  7823 | D:8      | Found a staircase to the Lair.
  7839 | D:8      | Reached skill level 10 in Unarmed Combat
  8118 | D:8      | Found a snail-covered altar of Cheibriados.
  8215 | D:8      | Noticed Prince Ribbit
  8231 | D:8      | Killed Prince Ribbit
  8263 | D:8      | Found an ancient bone altar of Kikubaaqudgha.
  8770 | D:9      | Noticed a two-headed ogre
  8777 | D:9      | Killed a two-headed ogre
  9095 | D:9      | Found a shimmering altar of Xom.
  9226 | D:9      | Found a hide-covered altar of Uskayaw.
  9239 | D:9      | Reached XP level 11. HP: 64/91 MP: 12/12
  9864 | D:10     | Entered Level 10 of the Dungeon
 10284 | D:10     | Reached skill level 11 in Unarmed Combat
 10855 | D:10     | Found a staircase to the Orcish Mines.
 11048 | D:10     | Noticed a two-headed ogre
 11060 | D:10     | Killed a two-headed ogre
 11379 | Lair:1   | Entered Level 1 of the Lair of Beasts
 11943 | Lair:1   | Noticed a boulder beetle
 11966 | Lair:1   | Killed a boulder beetle
 12185 | Lair:1   | Reached skill level 12 in Unarmed Combat
 12601 | Lair:2   | Gained mutation: You have claws for hands. [demonic
                  | ancestry]
 12601 | Lair:2   | Reached XP level 12. HP: 89/105 MP: 13/13
 12660 | Lair:2   | Noticed a boulder beetle
 12679 | Lair:2   | Found a hide-covered altar of Uskayaw.
 12679 | Lair:2   | Killed a boulder beetle
 12717 | Lair:2   | Found an ornate altar of the Wu Jian Council.
 12794 | Lair:2   | Noticed a boulder beetle
 12916 | Lair:2   | Killed a boulder beetle
 12939 | Lair:2   | Found a staircase to the Swamp.
 13448 | Lair:2   | Reached skill level 13 in Unarmed Combat
 13802 | Lair:3   | Noticed a death yak
 13802 | Lair:3   | Noticed a death yak
 13820 | Lair:2   | Killed a death yak
 13850 | Lair:3   | Noticed a death yak
 13857 | Lair:2   | Killed a death yak
 13878 | Lair:2   | Killed a death yak
 13891 | Lair:3   | Found a staircase to the Snake Pit.
 14140 | Lair:3   | Identified the +1 chain mail of a Million People {rPois rN+
                  | Stlth-}
 14765 | Lair:4   | Noticed a death yak
 14765 | Lair:4   | Noticed a seven-headed hydra
 14768 | Lair:4   | Noticed a death yak
 14768 | Lair:4   | Noticed a death yak
 14777 | Lair:3   | Killed an 11-headed hydra
 15179 | Lair:4   | Noticed a boulder beetle
 15189 | Lair:3   | Reached skill level 10 in Armour
 15204 | Lair:3   | Killed a boulder beetle
 15422 | Lair:4   | Gained mutation: When hurt, damage is shared between your
                  | health and your magic reserves. [demonic ancestry]
 15422 | Lair:4   | Reached XP level 13. HP: 114/114 MP: 14/14
 15675 | Lair:4   | Found a staircase to the Slime Pits.
 15777 | Lair:4   | Reached skill level 14 in Unarmed Combat
 16373 | Lair:4   | Reached skill level 15 in Fighting
 16981 | Lair:5   | Entered Level 5 of the Lair of Beasts
 16991 | Lair:5   | Reached skill level 15 in Unarmed Combat
 17284 | Lair:5   | Reached XP level 14. HP: 117/123 MP: 13/15
 17401 | Lair:5   | Noticed Rupert
 17536 | Orc:1    | Entered Level 1 of the Orcish Mines
 17586 | Orc:2    | Entered Level 2 of the Orcish Mines
 17617 | Orc:2    | Paralysed by an orc sorcerer for 2 turns
 18010 | D:6      | Identified the +1 robe of Unreason {rElec rPois rN++ Int-4}
 18094 | Temple   | Entered the Ecumenical Temple
 18175 | Temple   | Fell from the grace of Ignis
 18175 | Temple   | Became a worshipper of Warmaster Okawaru
 18216 | Temple   | Upgraded the game from 0.30-a0-830-gfe289a77b0 to
                  | 0.30-a0-840-ga523dec638
 18972 | Orc:2    | Found a staircase to the Elven Halls.
 19271 | Orc:2    | Found a shimmering blue altar of Sif Muna.
 19405 | Orc:2    | Found Molas's General Store.
 19412 | Orc:2    | Found Kotsul's Distillery.
 19455 | Orc:2    | Bought a potion of curing for 39 gold pieces
 19455 | Orc:2    | Bought a scroll of fog for 52 gold pieces
 19457 | Orc:2    | Bought a potion of might for 52 gold pieces
 19457 | Orc:2    | Bought a potion of heal wounds for 65 gold pieces
 19457 | Orc:2    | Bought 2 potions of curing for 78 gold pieces
 19545 | Orc:2    | Reached skill level 16 in Unarmed Combat
 19608 | Orc:2    | Reached * piety under Okawaru
 19614 | Orc:2    | Reached skill level 1 in Invocations
 19637 | Orc:2    | Reached skill level 1 in Throwing
 19714 | Orc:2    | Gained mutation: You occasionally lose the ability to drink
                  | potions when taking damage. [a neqoxec]
 19729 | Orc:1    | Found Bybryreu's Distillery.
 19889 | Orc:1    | Reached ** piety under Okawaru
 19938 | Orc:1    | Bought a potion of curing for 48 gold pieces
 19938 | Orc:1    | Bought a potion of haste for 160 gold pieces
 19938 | Orc:1    | Bought a potion of curing for 48 gold pieces
 19938 | Orc:1    | Bought a potion of might for 64 gold pieces
 20520 | Orc:2    | Reached skill level 5 in Throwing
 20527 | Orc:2    | Found Zefau's Antique Weapon Shop.
 20527 | Orc:2    | Found Beollajoi's Jewellery Boutique.
 20530 | Orc:2    | Found a one-way gate leading to the halls of Pandemonium.
 20648 | D:11     | Identified the +1 quarterstaff of Boonka {freeze, rElec}
 20965 | D:11     | Reached *** piety under Okawaru
 21510 | D:12     | Noticed Nessos
 21518 | D:12     | Killed Nessos
 21624 | D:12     | Found a gate leading to a gauntlet.
 21632 | Gauntlet | Entered a Gauntlet
 21632 | Gauntlet | Found a transporter.
 21635 | Gauntlet | Found a transporter.
 21639 | Gauntlet | Found a transporter.
 21639 | Gauntlet | Found a transporter.
 21642 | Gauntlet | Found a transporter.
 21643 | Gauntlet | Found a transporter.
 21649 | Gauntlet | Found a runed translucent gate.
 21650 | Gauntlet | Found a runed translucent gate.
 21651 | Gauntlet | Found a transporter.
 21652 | Gauntlet | Found a transporter.
 21660 | Gauntlet | Found a runed translucent gate.
 21679 | Gauntlet | Found a transporter.
 21679 | Gauntlet | Found a transporter.
 21681 | Gauntlet | Noticed a quicksilver ooze
 21687 | Gauntlet | Found a transporter.
 21728 | Gauntlet | Found a transporter.
 21838 | Gauntlet | Identified the ring of Lilacs {rPois rF+ rC- Str+2 Int+4}
 21873 | Gauntlet | Reached **** piety under Okawaru
 21873 | Gauntlet | Received a gift from Okawaru
 21915 | Gauntlet | Identified the +2 pair of gloves of the Garden {rElec rN+
                  | Regen+}
 22035 | Gauntlet | Gained mutation: You have a pair of small horns on your
                  | head. [demonic ancestry]
 22035 | Gauntlet | Reached XP level 15. HP: 80/127 MP: 10/18
 22687 | D:13     | Noticed Josephine
 22702 | D:13     | Killed Josephine
 22713 | D:13     | Received a gift from Okawaru
 22726 | D:13     | Found a portal to a secret trove of treasure.
 22766 | D:13     | Noticed Snorg
 22771 | D:13     | Killed Snorg
 22795 | D:13     | Noticed Lodul
 22806 | D:13     | Killed Lodul
 23016 | D:13     | Lost mutation: You occasionally lose the ability to drink
                  | potions when taking damage. [potion of mutation]
 23016 | D:13     | Gained mutation: You have a pair of horns on your head.
                  | [potion of mutation]
 23016 | D:13     | Gained mutation: You are clumsy. (Dex -2) [potion of
                  | mutation]
 23016 | D:13     | Gained mutation: You occasionally lose the ability to drink
                  | potions when taking damage. [potion of mutation]
 23016 | D:13     | Gained mutation: You are resistant to electric shocks.
                  | (rElec) [potion of mutation]
 23017 | D:13     | Lost mutation: You are clumsy. (Dex -2) [potion of
                  | mutation]
 23017 | D:13     | Lost mutation: You are resistant to electric shocks.
                  | (rElec) [potion of mutation]
 23017 | D:13     | Gained mutation: Your spells are a little easier to cast,
                  | but a little less powerful. [potion of mutation]
 23017 | D:13     | Gained mutation: You occasionally lose the ability to read
                  | scrolls when taking damage. [potion of mutation]
 23018 | D:13     | Lost mutation: You occasionally lose the ability to drink
                  | potions when taking damage. [potion of mutation]
 23018 | D:13     | Lost mutation: You occasionally lose the ability to read
                  | scrolls when taking damage. [potion of mutation]
 23018 | D:13     | Gained mutation: Potions are less effective at restoring
                  | your health. [potion of mutation]
 23018 | D:13     | Gained mutation: You are agile. (Dex +4, Str/Int -1)
                  | [potion of mutation]
 23079 | D:13     | Was forgiven by Ignis
 23338 | D:14     | Received a gift from Okawaru
 23372 | D:14     | Reached ***** piety under Okawaru
 23410 | D:14     | Reached skill level 10 in Throwing
 23596 | D:14     | Received a gift from Okawaru
 23642 | D:14     | Found a gate to the Vaults.
 24377 | D:14     | Found a runed translucent gate.
 24378 | D:14     | Found a runed translucent gate.
 24378 | D:14     | Found a runed translucent gate.
 24379 | D:14     | Found an opulent altar of Gozag.
 24379 | D:14     | Noticed Qesae's ghost (journeyman FeSu)
 24379 | D:14     | Noticed a tengu reaver
 24380 | D:14     | Noticed a tengu reaver
 24381 | D:14     | Found Hoalam's Assorted Antiques.
 24603 | D:15     | Entered Level 15 of the Dungeon
 24923 | D:15     | Found a transporter.
 24956 | D:15     | Found a transporter.
 24999 | D:15     | Found a staircase to the Depths.
 25422 | D:15     | Found a transporter.
 25447 | D:15     | Found a transporter.
 25774 | D:7      | Killed bande's ghost
 25873 | Snake:1  | Entered Level 1 of the Snake Pit
 26000 | Snake:1  | Received a gift from Okawaru
 26129 | Snake:1  | Reached skill level 17 in Unarmed Combat
 26276 | Snake:1  | Gained mutation: You have hooves in place of feet. [demonic
                  | ancestry]
 26276 | Snake:1  | Reached XP level 16. HP: 84/139 MP: 14/19
 26315 | Snake:1  | Received a gift from Okawaru
 26544 | Snake:1  | Reached skill level 5 in Shields
 26695 | Snake:2  | Received a gift from Okawaru
 27221 | Snake:2  | Noticed Agnes
 27226 | Snake:2  | Killed Agnes
 27236 | Snake:2  | Received a gift from Okawaru
 27476 | Snake:2  | Received a gift from Okawaru
 27571 | Snake:2  | Noticed Vashnia
 27753 | Snake:2  | Killed Vashnia
 27865 | Snake:2  | Received a gift from Okawaru
 28374 | Snake:3  | HP: 4/139 [salamander/+1 halberd of freezing (3)]
 28380 | Snake:3  | Identified the quicksilver dragon scales of Niohiplu {Will+
                  | Str+3 Int+3 Dex+3 SInv} (Okawaru gifted it to you on level
                  | 3 of the Snake Pit)
 28380 | Snake:3  | Received a gift from Okawaru
 28403 | Snake:3  | HP: 9/208 [salamander/+0 trident (13)]
 28409 | Snake:3  | Mangled by a salamander tyrant

Illustrated notes

Levels and vault maps discovered:
D:1:      minmay_arrival_plants_in_alcoves, layout_rooms,
          chequers_ecumenical_altar_lobes, minmay_indecisive_spiral
D:2:      cheibrodos_old_hovel, layout_basic
D:3:      layout_loops_corners, uniq_natasha
D:4:      layout_loops_corners, minmay_temple_entry_gardened_gates,
          corexii_item_surrounded_by_moat, nicolae_specific_store
D:5:      layout_gridville, uniq_pikel
D:6:      layout_loops_ring, lemuel_doored_altar, uniq_edmund
D:7:      layout_basic, minitemple, fedhas_altar_4, nzn_wu_jian_contemplation,
          nicolae_gozag_cash_rules_everything_around_me, serial_shops,
          kennysheep_mini, gammafunk_ghost_split,
          minmay_a_box_with_orc_wizards_in_it
D:8:      wander_kiku_kobolds, layout_layer_cave, cheibriados_altar_1,
          due_lair_maze_entry_diamond, corexii_checkpoint_a, uniq_prince_ribbit1
D:9:      layout_roguey, mainiacjoe_overflow_cross_hatched,
          mainiacjoe_overflow_24_doors, special_room [special_room_orc],
          minivault_23
D:10:     layout_basic, erik_orc_4
D:11:     layout_irregular_city, st_stairs_4, amcnicky_mini_rare_corridor_liquid
D:12:     lemuel_ice_spiral_2, layout_irregular_city, gauntlet_entry_generic,
          uniq_nessos
D:13:     layout_cave_pools, enter_trove_0, uniq_lodul, uniq_josephine,
          uniq_snorg
D:14:     layout_loops_ring, grunt_vaults_entry_fortified,
          roderic_lattice_octagonal_star, ebering_ghost_gozag, minivault_4,
          drop_trap
D:15:     gammafunk_depths_entry_grave, layout_loops_ring,
          minmay_misc_feat_tiny, nicolae_diode_intersection
Temple:   nicolae_temple_figure_eight
Lair:1:   layout_cave_pods
Lair:2:   layout_regular_city, minmay_swamp_entry_swarm,
          nzn_masters_of_martial_movement, lemuel_fruit_tree
Lair:3:   layout_long_grid, nicolae_snake_entry_warm_welcome
Lair:4:   nzn_winding_woodlands_small [nzn_winding_woodlands_5x15_jagged,
          nzn_winding_woodlands_center_garden,
          nzn_winding_woodlands_5x15_pockets], layout_layer_cave,
          dpeg_slime_entry_enclosed, serial_bayou_shore_a,
          infiniplex_staircase_pool_2
Lair:5:   hangedman_lair_in_review, layout_regular_city, st_stairs_11,
          uniq_rupert
Snake:1:  layout_misc_corridors
Snake:2:  layout_chambers, nicolae_snake_double_loop, uniq_agnes, uniq_vashnia
Snake:3:  layout_cave_town
Orc:1:    layout_diamond_mine, serial_shops, nicolae_square_shop,
          kennysheep_orc_chapel
Orc:2:    pf_orc_diabolical, layout_diamond_mine, led_sif_book

Skill      XL: |  1  2  3  4  5  6  7  8  9 10 11 12 13 14 15 16 |
---------------+-------------------------------------------------+-----
Fighting       | 4 5 6 7 9 11 13 14 15 16 | 16.3
Armour         | 1 2 3 4 5 6 7 8 10 11 12 | 12.4
Unarmed Combat | 2 4 5 7 9 10 12 13 15 16 17 | 17.1
Shields        | 4 9 |  9.6
Invocations    | 4 |  4.6
Throwing       | 7 10 | 10.0
Polearms       | |  2.6
Spellcasting   | |  1.0
Fire Magic     | |  2.6

Action                     |  1- 3 |  4- 6 |  7- 9 | 10-12 | 13-15 | 16-18 || total
---------------------------+-------+-------+-------+-------+-------+-------++-------
  Melee: Spear             |   146 |       |       |       |       |       ||   146
         Quarterstaff      |    12 |    62 |   169 |    91 |       |       ||   334
         Kick              |     9 |     4 |       |       |       |    30 ||    43
         Unarmed           |       |       |       |   452 |   906 |   103 ||  1461
         Headbutt          |       |       |       |       |    78 |    26 ||   104
  Throw: Stone             |    14 |       |     3 |     6 |       |       ||    23
         Boomerang         |       |     5 |    17 |    80 |   502 |   130 ||   734
         Dart              |       |       |       |    28 |     4 |       ||    32
 Invoke: Rising Flame      |       |       |       |     1 |       |       ||     1
         Foxfire Swarm     |       |       |       |     1 |       |       ||     1
         Heroism           |       |       |       |       |     9 |     7 ||    16
         Fiery Armour      |       |       |       |       |     1 |       ||     1
         Finesse           |       |       |       |       |       |     1 ||     1
  Evoke: Wand              |       |     3 |    15 |    11 |     3 |       ||    32
         Tin of tremorston |       |       |       |       |       |     1 ||     1
         Condenser vane    |       |       |       |       |       |     1 ||     1
    Use: Scroll            |     7 |    10 |     5 |     4 |     6 |     2 ||    34
         Potion            |       |     2 |       |     1 |     5 |     8 ||    16
   Stab: Invisible         |       |       |       |     1 |       |       ||     1
         Confused          |       |       |       |     1 |       |       ||     1
 Armour: Robe              |    10 |       |       |       |       |       ||    10
         Ring mail         |    27 |     7 |       |       |       |       ||    34
         Chain mail        |       |    23 |   108 |   320 |   464 |    37 ||   952
         Skin              |       |       |       |       |       |     3 ||     3
  Dodge: Dodged            |    58 |    26 |    57 |   191 |   224 |    27 ||   583
  Block: Other             |    24 |    18 |    44 |    58 |       |       ||   144
         Reflection        |     1 |       |     5 |    13 |       |    11 ||    30
         Buckler           |       |       |       |   147 |   166 |    25 ||   338
         Tower shield      |       |       |       |       |       |    47 ||    47

Table legend: (Time is in decaauts)
 A = Elapsed time spent in this place.
 B = Non-inter-level travel time spent in this place.
 C = Inter-level travel time spent in this place.
 D = Time resting spent in this place.
 E = Time spent auto-exploring this place.
 F = Levels seen in this place.
 G = Mean time per level.
                   A        B        C        D        E       F      G
               +--------+--------+--------+--------+--------+-----+--------+
         Total |  28301 |  26341 |   1960 |   3088 |  17591 |  27 | 1048.2 |
       Dungeon |  16519 |  15193 |   1326 |   1589 |  10664 |  15 | 1101.3 |
        Temple |    141 |     83 |     58 |      0 |     77 |   1 |  141.0 |
          Lair |   6226 |   5847 |    379 |   1009 |   3558 |   5 | 1245.2 |
     Snake Pit |   2479 |   2428 |     51 |     57 |   1907 |   3 |  826.3 |
  Orcish Mines |   2454 |   2310 |    144 |    321 |   1210 |   2 | 1227.0 |
      Gauntlet |    479 |    479 |      0 |    111 |    175 |   1 |  479.0 |
               +--------+--------+--------+--------+--------+-----+--------+

Top non-repeatable levels by time:
     D:8: 1999 daAuts
  Lair:4: 1741 daAuts
 Snake:2: 1716 daAuts
   Orc:2: 1683 daAuts
     D:7: 1668 daAuts
  Lair:3: 1512 daAuts
     D:9: 1476 daAuts
     D:4: 1469 daAuts
  Lair:1: 1404 daAuts
    D:14: 1375 daAuts
    D:10: 1292 daAuts
  Lair:2: 1146 daAuts
     D:6: 1132 daAuts
     D:3: 1071 daAuts
    D:15: 876 daAuts
